 Dungeon Crawl Stone Soup version 0.21-a0-531-gacddea6 (webtiles) character file.

662 Amnesiac the Vexing (level 7, 0/40 HPs)
             Began as a Deep Elf Arcane Marksman on Dec 12, 2017.
             Was an Initiate of Okawaru.
             Slain by a sky beast (3 damage)
             ... on level 5 of the Dungeon.
             The game lasted 00:13:09 (5391 turns).

Amnesiac the Vexing (Deep Elf Arcane Marksman)      Turns: 5391, Time: 00:13:09

Health: 0/40       AC:  2    Str:  9    XL:     7   Next: 30%
Magic:  0/15       EV: 14    Int: 18    God:    Okawaru [......]
Gold:   164        SH:  0    Dex: 15    Spells: 4/14 levels left

rFire    . . .     SeeInvis .   a - +0 shortbow
rCold    . . .     Gourm    .   (shield currently unavailable)
rNeg     . . .     Faith    .   e - +0 robe
rPois    .         Spirit   +   (no helmet)
rElec    .         Reflect  .   k - scarf {Spirit}
rCorr    .         Harm     .   (no gloves)
MR       +....                  (no boots)
Stlth    +.........             (no amulet)
HPRegen  0.13/turn              w - ring of protection from magic
MPRegen  0.14/turn              (no ring)

@: no status effects
A: no striking features
a: Renounce Religion


You were on level 5 of the Dungeon.
You worshipped Okawaru.
Okawaru was noncommittal.
You were not hungry.

You visited 2 branches of the dungeon, and saw 6 of its levels.

You collected 164 gold pieces.

Inventory:

Hand Weapons
 a - a +0 shortbow (weapon)
 b - a +0 spear
Missiles
 d - 52 arrows (quivered)
Armour
 e - a +0 robe (worn)
 k - a scarf of spirit shield (worn)
 p - a +0 pair of boots
Jewellery
 o - an uncursed ring of ice
 w - a ring of protection from magic (left hand)
Wands
 r - a wand of flame (33)
Scrolls
 g - 5 scrolls of identify {!r}
 i - 4 scrolls of teleportation {!r}
 s - a scroll of blinking {!r, unknown}
 t - 3 scrolls of remove curse {!r}
 v - 2 scrolls of enchant armour {!r, unknown}
Potions
 h - 2 potions of degeneration {!q, unknown}
 l - a potion of curing {!q, unknown}
 m - a potion of agility {!q, unknown}
 n - a potion of haste {!q, unknown}
 q - 2 potions of mutation {!q}
 x - a potion of brilliance {!q, unknown}
Books
 c - a book of Debilitation

   Spells                             Type                      Level
   a - Corona                         Hexes                        1
   b - Slow                           Hexes                        2
   c - Inner Flame                    Hexes/Fire                   3
   d - Portal Projectile              Hexes/Translocation          3
   e - Cause Fear                     Hexes                        4
   f - Leda's Liquefaction            Hexes/Earth                  4
Comestibles
 f - 5 bread rations
 j - 3 meat rations
 u - 2 royal jellies


   Skills:
 + Level 2.3 Fighting
 * Level 5.0 Bows
 + Level 4.3 Dodging
 + Level 4.1 Spellcasting
 * Level 6.9 Hexes


You had 4 spell levels left.
You knew the following spells:

 Your Spells              Type           Power        Failure   Level  Hunger
a - Corona                Hex            ####...      1%          1    None
b - Cause Fear            Hex            ####......   9%          4    ####...
c - Inner Flame           Hex/Fire       ###.....     11%         3    ###....
e - Slow                  Hex            ####....     1%          2    ##.....


Dungeon Overview and Level Annotations

Branches:
Dungeon (5/15)             Temple (1/1) D:5

Altars:
Ashenzari
Hepliaklqana
Makhleb
Nemelex Xobeh
Okawaru
Qazlal
Ru
Trog
Uskayaw
Vehumet
Wu Jian
Xom
Yredelemnul
Zin
The Shining One

Annotations:
D:2 exclusion: downstairs


Message History

Aim: a sky beast (severely wounded, softly glowing, slightly transparent)
You shoot an arrow.
The arrow hits the sky beast but does no damage.
The sky beast is severely wounded.
The sky beast hits you. The sky beast shocks you.
Firing (i - inventory):
d - 58 arrows (quivered)
Press: ? - help, Shift-Dir - straight line, f/p - sky beast
Aim: a sky beast (severely wounded, softly glowing, slightly transparent)
You shoot an arrow.
The arrow hits the sky beast but does no damage.
The sky beast is severely wounded.
The sky beast hits you. The sky beast shocks you.
Firing (i - inventory):
d - 57 arrows (quivered)
Press: ? - help, Shift-Dir - straight line, f/p - sky beast
Aim: a sky beast (severely wounded, softly glowing, slightly transparent)
You shoot an arrow. The arrow barely misses the sky beast.
The sky beast stops glowing and disappears.
Something hits you. Something shocks you.
* * * LOW HITPOINT WARNING * * *
Deactivating autopickup; reactivate with Ctrl-A.
No target in view!
Something barely misses you.
There is an open door here.
Casting: Corona
Confirm with . or Enter, or press ? or * to list all spells.
Aiming: Corona
Press: ? - help, Shift-Dir - straight line The sky beast is outlined in light.
The sky beast hits you.
* * * LOW HITPOINT WARNING * * *
The sky beast shocks you.
* * * LOW HITPOINT WARNING * * *
Firing (i - inventory):
d - 56 arrows (quivered)
Press: ? - help, Shift-Dir - straight line, f - sky beast
Aim: a sky beast (heavily wounded, softly glowing, slightly transparent)
You shoot an arrow.
The arrow hits the sky beast but does no damage.
The sky beast is heavily wounded.
The sky beast hits you.
* * * LOW HITPOINT WARNING * * *
The sky beast shocks you.
* * * LOW HITPOINT WARNING * * *
Firing (i - inventory):
d - 55 arrows (quivered)
Press: ? - help, Shift-Dir - straight line, f/p - sky beast
Aim: a sky beast (heavily wounded, softly glowing, slightly transparent)
You shoot an arrow. The arrow hits the sky beast.
The sky beast is severely wounded.
The sky beast misses you.
Firing (i - inventory):
d - 54 arrows (quivered)
Press: ? - help, Shift-Dir - straight line, f/p - sky beast
Aim: a sky beast (severely wounded, softly glowing, slightly transparent)
You shoot an arrow. The arrow hits the sky beast.
The sky beast is severely wounded.
The sky beast hits you.
* * * LOW HITPOINT WARNING * * *
The sky beast shocks you.
* * * LOW HITPOINT WARNING * * *
Firing (i - inventory):
d - 53 arrows (quivered)
Press: ? - help, Shift-Dir - straight line, f/p - sky beast
Aim: a sky beast (severely wounded, softly glowing, slightly transparent)
You shoot an arrow.
The arrow hits the sky beast but does no damage.
The sky beast is severely wounded.
The sky beast hits you.
You die...

#.#########.## #.# #.### #.# #.#
#.#.## #.# #.# #..#.# ##'## #.#
###.## ##...## #.## ###.#
##.....## #.## ##.#.# ##.......##
#..#
##(.######....###.........####...
(.(((((........Y@.........'......
##########....###.........####..)
####.#.# ##.......## ##.#
#......# ##.....## ### #.######
##...## # #.# ##+## # #.# #.# #
####.### ######.### # #......#
#........# #


You could see a sky beast (invisible).

Vanquished Creatures
  A howler monkey (D:4)
  A crimson imp (D:5)
  A bullfrog skeleton (D:5)
  6 orc wizards
  Terence (D:3)
  An iguana (D:1)
  2 worker ants
  A hound skeleton (D:4)
  7 gnolls
  6 adders
  A shadow imp (D:5)
  2 oozes
  3 worms
  A dart slug (D:1)
  7 leopard geckos
  20 orcs
  4 ball pythons
  4 giant cockroaches
  8 hobgoblins
  7 jackals
  6 kobolds
  2 quokkas (D:4)
  5 bats
  6 frilled lizards
  11 goblins
  A quokka skeleton (D:4)
  10 rats
125 creatures vanquished.

Vanquished Creatures (others)
  A kobold (D:3)
1 creature vanquished.

Grand Total: 126 creatures vanquished

Notes
Turn   | Place    | Note
-------+----------+-------------------------------------------
     0 | D:1      | Amnesiac the Deep Elf Arcane Marksman began the quest for the Orb.
     0 | D:1      | Reached XP level 1. HP: 11/11 MP: 5/5
    66 | D:1      | Reached XP level 2. HP: 16/16 MP: 3/6
    70 | D:1      | Learned a level 2 spell: Slow
   149 | D:1      | Reached skill level 1 in Fighting
   434 | D:1      | Reached XP level 3. HP: 14/20 MP: 6/8
  1603 | D:2      | Reached XP level 4. HP: 25/25 MP: 7/9
  1795 | D:1      | Reached skill level 5 in Hexes
  2339 | D:3      | Reached XP level 5. HP: 26/29 MP: 9/11
  2370 | D:3      | Learned a level 4 spell: Cause Fear
  2443 | D:3      | Noticed Terence
  2474 | D:3      | Killed Terence
  2577 | D:3      | Found a basalt altar of Yredelemnul.
  2579 | D:3      | Found a glowing golden altar of the Shining One.
  2645 | D:3      | Noticed an angel
  2654 | D:3      | Learned a level 3 spell: Inner Flame
  2663 | D:3      | Noticed a profane servitor
  2941 | D:3      | Found a burning altar of Makhleb.
  2943 | D:3      | Found a stormy altar of Qazlal.
  2943 | D:3      | Found an ornate altar of the Wu Jian Council.
  2991 | D:3      | Found a faded altar of an unknown god.
  3049 | D:4      | Reached XP level 6. HP: 35/35 MP: 8/13
  3234 | D:4      | Reached skill level 6 in Hexes
  3683 | D:4      | Found a radiant altar of Vehumet.
  3890 | D:4      | Found a shimmering altar of Xom.
  3894 | D:4      | Found a shimmering altar of Xom.
  4399 | D:5      | Entered Level 5 of the Dungeon
  4452 | D:5      | Found a staircase to the Ecumenical Temple.
  4470 | D:5      | Reached XP level 7. HP: 40/40 MP: 12/14
  4756 | Temple   | Entered the Ecumenical Temple
  4797 | Temple   | Became a worshipper of Warmaster Okawaru
  5073 | D:5      | Reached skill level 5 in Bows
  5391 | D:5      | Slain by a sky beast

Vault maps used:
D:1:      dpeg_arrival_rhombus
D:2:      grunt_ministairs_7
D:3:      grunt_temple_overflow_holy_war, grunt_temple_overflow_diamond,
          chequers_ecumenical_altar_simple_redux, uniq_terence
D:4:      vehumet_altar_wand_db, first_bread, xom_redecorated
D:5:      minmay_temple_entry_junction_2
Temple:   jpeg_temple_island

Skill      XL: |  1  2  3  4  5  6  7 |
---------------+----------------------+-----
Spellcasting   | 2 3 4 |  4.1
Fighting       | 1 2 |  2.3
Bows           | 3 4 5 |  5.0
Dodging        | 3 4 |  4.3
Hexes          | 5 6 |  6.9

Action                   |  1- 3 |  4- 6 |  7- 9 || total
-------------------------+-------+-------+-------++-------
Melee: Spear             |     2 |       |       ||     2
 Fire: Shortbow          |   130 |   267 |   142 ||   539
 Cast: Corona            |    51 |    58 |    28 ||   137
       Slow              |     2 |    13 |     1 ||    16
  Use: Scroll            |       |     6 |       ||     6
  Eat: Chunk             |     3 |     9 |     3 ||    15
Armor: Robe              |     9 |    16 |    11 ||    36
Dodge: Dodged            |    48 |    96 |    61 ||   205

Table legend:
 A = Spawn XP
 B = Non-spawn XP
 C = Spawn XP percentage of total XP
 D = Spawn monster count
 E = Non-spawn monster count
 F = Spawn count percentage of total count
 G = Total turns spent on level
                    A         B        C        D         E        F      G
               +---------+---------+-------+---------+---------+-------+---------
         Total |       0 |     947 |   0.0 |       0 |     125 |   0.0 |  5391
               +---------+---------+-------+---------+---------+-------+---------
           D:1 |       0 |      87 |   0.0 |       0 |      29 |   0.0 |   806
           D:2 |       0 |      52 |   0.0 |       0 |      23 |   0.0 |  1263
           D:3 |       0 |     228 |   0.0 |       0 |      31 |   0.0 |   973
           D:4 |       0 |     325 |   0.0 |       0 |      32 |   0.0 |  1357
           D:5 |       0 |     255 |   0.0 |       0 |      10 |   0.0 |   910
               +---------+---------+-------+---------+---------+-------+---------
